 Dungeon Crawl Stone Soup version 0.24.0-125-gc4c63601f3 (webtiles) character file.

Game seed: 14191702096394012876, levelgen mode: deterministic

733 shadizar the Skirmisher (level 7, -8/61 HPs)
             Began as a Grey Draconian Fire Elementalist on Mar 21, 2020.
             Mangled by Pikel
             ... wielding a +0 whip of electrocution
              (17 damage)
             ... on level 5 of the Dungeon.
             The game lasted 00:09:06 (3600 turns).

shadizar the Skirmisher (DrFE)                      Turns: 3600, Time: 00:09:07

Health: -8/61      AC: 11    Str: 11    XL:     7   Next: 45%
Magic:  2/13       EV: 13    Int: 17    God:
Gold:   263        SH:  0    Dex: 11    Spells: 13/14 levels left

rFire    + . .     SeeInvis .   c - +3 dagger
rCold    . . .     Gourm    .   (no shield)
rNeg     . . .     Faith    .   (armour unavailable)
rPois    .         Spirit   .   (helmet restricted)
rElec    .         Reflect  .   (no cloak)
rCorr    .         Harm     .   (no gloves)
MR       .....                  (no boots)
Stlth    ++........             (no amulet)
HPRegen  0.20/turn              g - ring of protection from fire
MPRegen  0.13/turn              (no ring)

@: no status effects
A: walk through water, unfitting armour, unbreathing, cold-blooded, AC +11
a: no special abilities


You were on level 5 of the Dungeon.
You were not hungry.

You visited 1 branch of the dungeon, and saw 5 of its levels.

You collected 263 gold pieces.

Inventory:

Hand Weapons
 c - a +3 dagger (weapon)
 f - a +0 mace
 n - a +0 falchion
 o - a +0 hand axe
 p - a +0 spear
 t - a +4 mace of crushing
 v - a +0 trident of venom
Missiles
 s - 12 boomerangs (quivered)
Jewellery
 g - a ring of protection from fire (left hand)
Scrolls
 a - 2 scrolls of fog {unknown}
 j - 5 scrolls of teleportation {unknown}
 k - a scroll of enchant weapon {unknown}
 m - a scroll of amnesia {unknown}
 q - 2 scrolls of remove curse {unknown}
 r - 3 scrolls of identify {unknown}
Potions
 d - a potion of flight {unknown}
 e - 2 potions of curing {unknown}
 h - a potion of haste {unknown}
 i - 2 potions of resistance {unknown}
 l - a potion of degeneration {unknown}
Comestibles
 b - 7 rations


   Skills:
 + Level 5.4 Fighting
 + Level 2.2 Short Blades
 + Level 2.8 Dodging
 - Level 1.7 Stealth
 + Level 4.0 Spellcasting
 + Level 2.5 Conjurations
 + Level 3.8 Fire Magic


You had 13 spell levels left.
You knew the following spells:

 Your Spells              Type           Power        Failure   Level  Hunger
a - Flame Tongue          Conj/Fire      ##...        4%          1    None

Your spell library contained the following spells:

 Spells                   Type           Power        Failure   Level  Hunger
 Throw Flame              Conj/Fire      ##....       6%          2    ##.....
 Conjure Flame            Conj/Fire      ##......     12%         3    ###....
 Inner Flame              Hex/Fire       ##......     22%         3    ###....
 Sticky Flame             Conj/Fire      ##......     38%         4    ####...
 Fireball                 Conj/Fire      ##........   75%         5    ######.


Dungeon Overview and Level Annotations

Branches:
Dungeon (5/15)
 Temple: D:4-7

Altars:
Nemelex Xobeh
Okawaru
Ru

Annotations:
D:5 1 runed translucent door, Akano's ghost, novice MiFi; Pikel


Innate Abilities, Weirdness & Mutations

You can walk through water.
Your dull iron-grey scales are very hard. (AC +11)
You cannot fit into any form of body armour.
You can survive without breathing.
You are cold-blooded and may be slowed by cold attacks.


Message History

* * * LOW HITPOINT WARNING * * *
Casting: Flame Tongue (safe; 4% risk of failure)
Confirm with . or Enter, or press ? or * to list all spells.
Aiming: Flame Tongue (safe; 4% risk of failure)
Press: ? - help, Shift-Dir - straight line, f/p - Pikel
Aim: Pikel, wielding a +0 whip of electrocution and wearing a +0 robe (severely wounded)
The flame tongue misses Pikel.
The flame tongue hits the orc.
The orc is heavily wounded.
Pikel barely misses you.
Casting: Flame Tongue (safe; 4% risk of failure)
Confirm with . or Enter, or press ? or * to list all spells.
Aiming: Flame Tongue (safe; 4% risk of failure)
Press: ? - help, Shift-Dir - straight line, f/p - Pikel
Aim: Pikel, wielding a +0 whip of electrocution and wearing a +0 robe (severely wounded)
The flame tongue hits Pikel.
Pikel is severely wounded.
Pikel hits you with a +0 whip of electrocution.
* * * LOW HITPOINT WARNING * * *
You are electrocuted!
You die...

#K# #..# #.# #...#lā‰ˆā‰ˆ #p#
##.###.#####...#### #.#
##)).....##....#.# #.#
##)#.##.##.#.##.#
#K#######.#.##.##......#
#####...........##>####<####
......o.)p.pop...##.# #)####
############K#.#.##.####.....
#@#..........###..
##.#.#..##.##.##...
#.......##.##......
#.##.#..##.........
#.##....#####......
#.###...#####..#...
#............(.....
#......#.##........
##.##.##.##.......#


You could see Pikel, 2 slaves and an orc.

Vanquished Creatures
  A slave (D:5)
  3 ogres
  A centaur (D:5)
  2 crimson imps (D:5)
  A hound (D:5)
  A centaur skeleton (D:5)
  A jelly (D:5)
  An orc wizard (D:4)
  Natasha (twice) (D:2)
  2 worker ants (D:4)
  A worker ant zombie (D:5)
  4 adders
  2 worms (D:3)
  3 dart slugs
  2 leopard geckos (D:1)
  8 orcs
  5 giant cockroaches
  9 goblins
  5 hobgoblins
  5 jackals
  A quokka (D:5)
  5 bats
  2 frilled lizards
  4 kobolds
  8 rats
79 creatures vanquished.

Notes
Turn   | Place    | Note
-------+----------+-------------------------------------------
     0 | D:1      | shadizar the Draconian Fire Elementalist began the quest
                  | for the Orb.
     0 | D:1      | Reached XP level 1. HP: 14/14 MP: 3/3
    71 | D:1      | Reached skill level 1 in Fighting
   342 | D:1      | Reached XP level 2. HP: 23/23 MP: 5/5
   508 | D:1      | Reached skill level 2 in Fighting
   988 | D:2      | Reached XP level 3. HP: 27/30 MP: 6/6
  1046 | D:2      | Found a sparkling altar of Nemelex Xobeh.
  1050 | D:2      | Noticed Natasha
  1066 | D:2      | Killed Natasha
  1066 | D:2      | Reached skill level 3 in Fighting
  1087 | D:2      | Found a sacrificial altar of Ru.
  1149 | D:2      | Noticed an ogre
  1156 | D:2      | Killed an ogre
  1156 | D:2      | Reached skill level 4 in Fighting
  1156 | D:2      | Reached XP level 4. HP: 37/40 MP: 4/8
  1156 | D:2      | Reached XP level 5. HP: 42/46 MP: 4/9
  1251 | D:2      | Found a sparkling altar of Nemelex Xobeh.
  1399 | D:2      | Noticed Natasha
  1401 | D:2      | Found an iron altar of Okawaru.
  1413 | D:2      | Killed Natasha
  2238 | D:4      | Noticed an ogre
  2248 | D:4      | Killed an ogre
  2248 | D:4      | Reached skill level 1 in Short Blades
  2248 | D:4      | Reached XP level 6. HP: 42/55 MP: 4/11
  2437 | D:4      | Reached skill level 5 in Fighting
  2972 | D:5      | Entered Level 5 of the Dungeon
  2972 | D:5      | Found a runed translucent door.
  2987 | D:5      | Noticed Akano's ghost (novice MiFi)
  3062 | D:5      | Your scales start taking on a dull iron-grey colour.
  3062 | D:5      | Reached XP level 7. HP: 48/61 MP: 7/12
  3062 | D:5      | Gained mutation: You can survive without breathing. [Grey
                  | Draconian growth]
  3561 | D:5      | Noticed Pikel
  3600 | D:5      | Mangled by Pikel

Levels and vault maps discovered:
D:1:      saegor_arrival_simple_c, layout_rooms, minmay_tetromino_t4
D:2:      layout_loops_ring, lemuel_round_altar, okawaru_ov_weapons_minmay,
          nicolae_ru_awakened_eye, nemelex_spade_bored_becter, uniq_natasha
D:3:      layout_loops_cross
D:4:      layout_loops_cross, first_ration
D:5:      layout_loops_cross, ebering_ghost_sewer_f, uniq_grinder, uniq_pikel

Skill      XL: |  1  2  3  4  5  6  7 |
---------------+----------------------+-----
Fighting       | 1 2 4 5 |  5.4
Spellcasting   | 3 4 |  4.0
Short Blades   | 1 2 |  2.2
Dodging        | 2 |  2.8
Conjurations   | 2 |  2.5
Stealth        | |  1.7
Fire Magic     | |  3.8

Action                   |  1- 3 |  4- 6 |  7- 9 || total
-------------------------+-------+-------+-------++-------
Melee: Dagger            |    79 |   126 |    97 ||   302
       Unarmed           |    11 |       |       ||    11
       Tailslap          |     8 |    12 |     7 ||    27
Throw: Boomerang         |       |     2 |       ||     2
 Cast: Flame Tongue      |     9 |    51 |    18 ||    78
 Stab: Sleeping          |     2 |     5 |       ||     7
  Eat: Chunk             |     1 |     6 |     2 ||     9
Armor: Skin              |    35 |    30 |    35 ||   100
Dodge: Dodged            |    68 |    81 |    66 ||   215
